 Dungeon Crawl Stone Soup version 0.22-a0-776-ge6d7efa (webtiles) character file.

1134 Dexter94 the Chopper (level 8, -7/69 HPs)
             Began as a Hill Orc Fighter on July 18, 2018.
             Mangled by an ogre
             ... wielding a +0 giant club
              (27 damage)
             ... on level 6 of the Dungeon.
             The game lasted 00:19:53 (5590 turns).

Dexter94 the Chopper (Hill Orc Fighter)             Turns: 5590, Time: 00:19:54

Health: -7/69      AC: 10    Str: 27    XL:     8   Next: 36%
Magic:  8/8        EV:  8    Int:  8    God:
Gold:   298        SH: 11    Dex: 10    Spells: 7/7 levels left

rFire    . . .     SeeInvis .   a - +1 war axe
rCold    . . .     Gourm    .   c - +0 shield
rNeg     . . .     Faith    .   b - +0 scale mail
rPois    .         Spirit   .   d - +1 helmet
rElec    .         Reflect  .   (no cloak)
rCorr    +         Harm     .   (no gloves)
MR       .....                  (no boots)
Stlth    ..........             (no amulet)
HPRegen  0.21/turn              i - ring of resist corrosion
MPRegen  0.11/turn              g - +6 ring of strength

@: about to teleport, hasted, very quick
A: no striking features
a: no special abilities


You were on level 6 of the Dungeon.
You were hungry.

You visited 2 branches of the dungeon, and saw 7 of its levels.

You collected 298 gold pieces.

Inventory:

Hand Weapons
 a - a +1 war axe (weapon)
 k - a +0 vampiric dagger
 t - a +0 battleaxe
 u - a +2 hand axe of chopping
 D - a +0 hand axe
Missiles
 y - 12 curare-tipped needles
Armour
 b - a +0 scale mail (worn)
 c - a +0 shield (worn)
 d - a +1 helmet (worn)
 w - a +0 shield
Jewellery
 g - a +6 ring of strength (right hand)
 i - a ring of resist corrosion (left hand)
 z - an uncursed ring of fire
 A - an uncursed ring of stealth {unknown}
Wands
 s - a wand of digging (13)
Scrolls
 m - 2 scrolls of remove curse
 o - 2 scrolls of teleportation
 p - a scroll of enchant weapon
 r - a scroll of amnesia
 x - 2 scrolls of identify
Potions
 e - 2 potions of flight
 h - 2 potions of heal wounds
 j - 3 potions of magic
 l - a potion of curing
 n - 4 potions of degeneration
 q - a potion of haste
 v - a potion of cancellation {unknown}
 B - a potion of lignification {unknown}
 E - a potion of berserk rage {unknown}
Comestibles
 f - 9 rations


   Skills:
 + Level 5.6 Fighting
 * Level 7.2 Axes
 * Level 6.6 Armour
 * Level 6.5 Shields


You had 7 spell levels left.
You didn't know any spells.
Your spell library was empty.

Dungeon Overview and Level Annotations

Branches:
Dungeon (6/15)             Temple (1/1) D:6

Altars:
Cheibriados
Dithmenos
Fedhas
Gozag
Kikubaaqudgha
Makhleb
Okawaru
Qazlal
Ru
Sif Muna
Trog
Vehumet
Wu Jian
Yredelemnul
Zin
The Shining One

Shops:
D:5 :

Annotations:
D:6 1 transporter, Zgarb's ghost, novice TeSu


Message History

You slash the bat!
You kill the bat!
The bat's corpse disappears in a puff of smoke!
You hit Zgarb's ghost but do no damage. You hit the ogre.
You barely miss the ogre. The ogre hits you with a giant club.
Your shield and scale mail prevent you from hitting Zgarb's ghost.
You barely miss the ogre. x2
Zgarb's ghost casts a spell.
The ogre closely misses you.
Okay, then.
As you read the scroll of teleportation, it crumbles to dust.
You feel strangely unstable. The ogre hits you with a giant club!
Zgarb's ghost gestures wildly while chanting.
The ogre hits you with a giant spiked club!
* * * LOW HITPOINT WARNING * * *
You barely miss Zgarb's ghost. You closely miss the ogre. You slash the ogre!
You kill the ogre!
Zgarb's ghost hits you but does no damage.
The ogre hits you with a giant club!!
You die...

#....≈≈ #### #..≈≈≈≈
########.# #.≈≈≈≈≈
####......#.# #.≈≈≈≈≈
#..#.#..#.#.# #.≈≈≈≈≈
#########.##..##..#.# #.≈≈≈≈≈
#.........##b.##..#.###..≈≈≈≈
#.........##r#..#(#©.##....≈≈
#.........##@WO..[#[..#......
#..........#O#.r#.#©..#......
#..........#.r##..#.#........
#...÷......#..##..#.#####....
########...#.#..#.#.#########
#...#.(...©#..........
#...########.#########
#......# #### #.. #......####
#.#


You could see a two-headed ogre, an ogre, Zgarb's ghost, a quokka, a bat and 2
rats.

Vanquished Creatures
  A black bear (D:6)
  A necrophage (D:5)
  3 ogres
  2 centaurs (D:5)
  A bullfrog (D:6)
  3 hounds
  A centaur skeleton (D:4)
  2 iguanas
  Terence (D:2)
  2 worker ants
  A hound skeleton (D:6)
  Robin (D:2)
  3 gnolls (D:2)
  8 adders
  3 shadow imps
  2 oozes (D:1)
  An adder skeleton (D:6)
  4 worms
  A dart slug (D:3)
  3 leopard geckos
  An orc (D:4)
  6 giant cockroaches
  14 goblins (D:2)
  4 hobgoblins
  6 jackals
  3 quokkas
  A ball python (D:1)
  5 bats
  6 frilled lizards
  A jackal skeleton (D:3)
  8 kobolds
  A leopard gecko skeleton (D:4)
  10 rats
110 creatures vanquished.

Notes
Turn   | Place    | Note
-------+----------+-------------------------------------------
     0 | D:1      | Dexter94 the Hill Orc Fighter began the quest for the Orb.
     0 | D:1      | Reached XP level 1. HP: 19/19 MP: 1/1
   116 | D:1      | Reached skill level 3 in Axes
   116 | D:1      | Reached XP level 2. HP: 22/27 MP: 2/2
   266 | D:1      | Reached XP level 3. HP: 26/33 MP: 3/3
  1202 | D:2      | Reached XP level 4. HP: 40/40 MP: 4/4
  1366 | D:2      | Found a sacrificial altar of Ru.
  1368 | D:2      | Noticed Terence
  1379 | D:2      | Killed Terence
  1379 | D:2      | Reached skill level 4 in Axes
  1492 | D:2      | Reached XP level 5. HP: 21/46 MP: 5/5
  1734 | D:2      | Noticed Robin
  1750 | D:2      | Killed Robin
  2862 | D:4      | Noticed an ogre
  2894 | D:4      | Killed an ogre
  2894 | D:4      | Reached skill level 5 in Axes
  2894 | D:4      | Reached skill level 5 in Armour
  2894 | D:4      | Reached XP level 6. HP: 19/53 MP: 6/6
  3168 | D:4      | Found an ornate altar of the Wu Jian Council.
  3579 | D:4      | Reached skill level 5 in Shields
  3813 | D:5      | Entered Level 5 of the Dungeon
  3826 | D:5      | Reached XP level 7. HP: 37/60 MP: 7/7
  3927 | D:5      | Found Vebidan's Book Emporium.
  4108 | D:5      | Reached skill level 5 in Fighting
  4108 | D:5      | Reached skill level 6 in Axes
  4473 | D:5      | Found an ancient bone altar of Kikubaaqudgha.
  4606 | D:6      | Found a staircase to the Ecumenical Temple.
  4620 | Temple   | Entered the Ecumenical Temple
  4715 | D:6      | Found a burning altar of Makhleb.
  4945 | D:6      | Reached XP level 8. HP: 61/68 MP: 8/8
  5233 | D:6      | Found an iron altar of Okawaru.
  5252 | D:6      | Reached skill level 7 in Axes
  5555 | D:6      | Found a transporter.
  5555 | D:6      | Noticed Zgarb's ghost (novice TeSu)
  5555 | D:6      | Noticed a two-headed ogre
  5557 | D:6      | Found a transporter.
  5590 | D:6      | Mangled by an ogre

Vault maps used:
D:1:      dpeg_chamrin_arrival_tetris
D:2:      solitary_fountain, nicolae_ru_the_path_less_chosen, uniq_robin,
          uniq_terence
D:3:      kennysheep_generic_room_10
D:4:      nicolae_overflow_crystal_walls
D:5:      lemuel_crystal_altar, first_ration, serial_shops, shop_fountains
D:6:      lemuel_coloured_pillars_altar, temple_pool_b, gammafunk_ghost_smash,
          okawaru_ov_weapons_minmay
Temple:   cyrus_circular_temple

Skill      XL: |  1  2  3  4  5  6  7  8 |
---------------+-------------------------+-----
Axes           | 3 4 5 6 7 |  7.2
Armour         | 4 5 6 |  6.6
Shields        | 4 5 6 |  6.5
Fighting       | 4 5 |  5.6

Action                   |  1- 3 |  4- 6 |  7- 9 || total
-------------------------+-------+-------+-------++-------
Melee: War axe           |   100 |   155 |   100 ||   355
  Use: Scroll            |     5 |     8 |     1 ||    14
       Potion            |       |     3 |     3 ||     6
  Eat: Chunk             |     1 |     7 |     3 ||    11
       Ration            |       |     1 |       ||     1
Armor: Scale mail        |    45 |    53 |    35 ||   133
Dodge: Dodged            |    23 |    54 |    31 ||   108
Block: Shield            |    57 |    82 |    54 ||   193

Table legend:
 A = Spawn XP
 B = Non-spawn XP
 C = Spawn XP percentage of total XP
 D = Spawn monster count
 E = Non-spawn monster count
 F = Spawn count percentage of total count
 G = Total turns spent on level
                    A         B        C        D         E        F      G
               +---------+---------+-------+---------+---------+-------+---------
         Total |       0 |    1621 |   0.0 |       0 |     110 |   0.0 |  5590
               +---------+---------+-------+---------+---------+-------+---------
           D:1 |       0 |      46 |   0.0 |       0 |      25 |   0.0 |   851
           D:2 |       0 |     198 |   0.0 |       0 |      37 |   0.0 |  1225
           D:3 |       0 |      62 |   0.0 |       0 |      15 |   0.0 |   763
           D:4 |       0 |     242 |   0.0 |       0 |      10 |   0.0 |   974
           D:5 |       0 |     512 |   0.0 |       0 |      10 |   0.0 |   744
           D:6 |       0 |     561 |   0.0 |       0 |      13 |   0.0 |   981
               +---------+---------+-------+---------+---------+-------+---------
